 Dungeon Crawl Stone Soup version 0.23-a0-677-g07611c5 (webtiles) character file.

574 nikopol the Chopper (level 7, 0/61 HPs)
             Began as a Minotaur Berserker on Jan 9, 2019.
             Was a Priest of Trog.
             Shot with an arrow by a centaur (12 damage)
             ... on level 5 of the Dungeon.
             The game lasted 00:05:05 (2805 turns).

nikopol the Chopper (Minotaur Berserker)            Turns: 2805, Time: 00:05:05

Health: 0/61       AC:  5    Str: 24    XL:     7   Next: 12%
Magic:  6/6        EV: 13    Int:  4    God:    Trog [***...]
Gold:   123        SH:  0    Dex:  9    Spells: 6/6 levels left

rFire    . . .     SeeInvis .   z - +0 shortbow
rCold    . . .     Gourm    .   (shield currently unavailable)
rNeg     . . .     Faith    .   u - +2 leather armour {MR+}
rPois    .         Spirit   .   (helmet restricted)
rElec    .         Reflect  .   (no cloak)
rCorr    .         Harm     .   (no gloves)
MR       +....                  (no boots)
Stlth    +.........             (no amulet)
HPRegen  0.20/turn              (no ring)
MPRegen  0.10/turn              (no ring)

@: no status effects
A: retaliatory headbutt, horns 2
a: Berserk, Trog's Hand, Renounce Religion


You were on level 5 of the Dungeon.
You worshipped Trog.
Trog was most pleased with you.
You were not hungry.

You visited 1 branch of the dungeon, and saw 5 of its levels.

You collected 203 gold pieces.
You spent 80 gold pieces at shops.

Inventory:

Hand Weapons
 a - a +0 hand axe
 z - a +0 shortbow (weapon)
Missiles
 f - 96 arrows (quivered)
Armour
 b - a +0 animal skin
 u - a +2 leather armour of magic resistance (worn)
Jewellery
 d - an uncursed ring of flight {unknown}
 e - an uncursed amulet of the gourmand {unknown}
 j - an uncursed ring of poison resistance {unknown}
 t - a +5 ring of protection {unknown}
Wands
 o - a wand of disintegration (8)
Scrolls
 g - 5 scrolls of identify {unknown}
 i - a scroll of random uselessness {unknown}
 l - a scroll of immolation {unknown}
 m - a scroll of teleportation {unknown}
 p - a scroll of blinking {unknown}
 v - a scroll of magic mapping {unknown}
Potions
 h - 2 potions of brilliance {unknown}
 k - 2 potions of berserk rage {unknown}
 n - a potion of heal wounds
 q - 2 potions of curing
 r - a potion of magic {unknown}
Comestibles
 c - 7 rations
 s - 4 chunks of flesh


   Skills:
 + Level 5.3 Fighting
 * Level 6.8 Axes
 * Level 2.8 Bows
 + Level 3.1 Armour
 + Level 3.6 Dodging
 + Level 1.9 Stealth


You had 6 spell levels left.
You didn't know any spells.
Your spell library was empty.

Dungeon Overview and Level Annotations

Branches:
Dungeon (5/15)
 Temple: D:4-7

Altars:
Wu Jian
The Shining One

Shops:
D:4 !


Innate Abilities, Weirdness & Mutations

You reflexively headbutt those who attack you in melee.
You have a pair of horns on your head.


Message History

Press: ? - help, Shift-Dir - straight line, f/p - centaur
Aim: a centaur, wielding a +0 shortbow (moderately wounded)
You shoot an arrow. The arrow hits the centaur.
The centaur is moderately wounded.
Firing (i - inventory)
f - 97 arrows (quivered)
Press: ? - help, Shift-Dir - straight line, f/p - centaur
Aim: a centaur, wielding a +0 shortbow (moderately wounded)
You shoot an arrow. The arrow hits the centaur.
The centaur is heavily wounded.
The centaur shoots an arrow.
The arrow hits you!
The centaur shoots an arrow.
The arrow hits you!
* * * LOW HITPOINT WARNING * * *
You are too injured to fight recklessly!
You are too injured to fight recklessly!
You are too injured to fight recklessly!
The centaur shoots an arrow.
The arrow hits you but does no damage.
You see here 2 arrows.
You are too injured to fight recklessly!
The centaur shoots an arrow.
The arrow hits you!
You die...

############
##.(........##
##............#
#....(.........
#.....c........
#..............
#......@.....$.
#......(.......
##.....(.......#
##..........#.#
#.####.#####..#
#...##.#......#
#...#....^...##
##.........^..##
##............^.###
#


You could see a centaur.

Vanquished Creatures
  Eustachio (D:5)
  A centaur (D:3)
  A crimson imp (D:4)
  A bullfrog zombie (D:5)
  A centaur skeleton (D:4)
  A jelly (D:5)
  A worker ant (D:5)
  A killer bee zombie (D:5)
  7 adders
  An ooze (D:3)
  3 worms
  8 dart slugs
  4 leopard geckos
  3 orcs (D:3)
  A giant cockroach (D:5)
  10 goblins
  8 hobgoblins
  4 jackals (D:3)
  3 kobolds
  3 quokkas
  10 bats
  2 frilled lizards
  3 quokka skeletons
  8 rats
86 creatures vanquished.

Notes
Turn   | Place    | Note
-------+----------+-------------------------------------------
     0 | D:1      | nikopol the Minotaur Berserker began the quest for the Orb.
     0 | D:1      | Reached XP level 1. HP: 19/19 MP: 0/0
    51 | D:1      | Reached skill level 4 in Axes
    51 | D:1      | Reached XP level 2. HP: 23/27 MP: 1/1
   480 | D:1      | Reached ** piety under Trog
   480 | D:1      | Reached XP level 3. HP: 30/33 MP: 2/2
   916 | D:2      | Reached XP level 4. HP: 40/40 MP: 3/3
  1294 | D:2      | Found an ornate altar of the Wu Jian Council.
  1390 | D:3      | Noticed a centaur
  1399 | D:3      | Killed a centaur
  1399 | D:3      | Reached skill level 5 in Axes
  1399 | D:3      | Reached skill level 1 in Stealth
  1399 | D:3      | Reached XP level 5. HP: 30/47 MP: 4/4
  1876 | D:3      | Reached *** piety under Trog
  2027 | D:4      | Found Paloozok's Distillery.
  2038 | D:4      | Bought a potion of heal wounds for 50 gold pieces
  2038 | D:4      | Bought a potion of curing for 30 gold pieces
  2181 | D:4      | Reached skill level 5 in Fighting
  2350 | D:4      | Reached XP level 6. HP: 48/56 MP: 5/5
  2363 | D:4      | Reached skill level 6 in Axes
  2548 | D:4      | Found a glowing golden altar of the Shining One.
  2646 | D:5      | Entered Level 5 of the Dungeon
  2718 | D:5      | Noticed Eustachio
  2720 | D:5      | Reached skill level 1 in Bows
  2731 | D:5      | Killed Eustachio
  2731 | D:5      | Reached XP level 7. HP: 61/61 MP: 6/6
  2805 | D:5      | Shot with an arrow by a centaur

Vault maps used:
D:1:      shiori_arrival_oz
D:2:      marbit_many_paths
D:3:      first_ration
D:4:      tso_oasis_becter, serial_shops, nicolae_shop_crystal
D:5:      minmay_holes, due_unseen_surprise, uniq_eustachio

Skill      XL: |  1  2  3  4  5  6 |
---------------+-------------------+-----
Axes           | 4 5 6 |  6.8
Fighting       | 4 5 |  5.3
Armour         | 3 |  3.1
Dodging        | 3 |  3.6
Stealth        | 1 |  1.9
Bows           | 2 |  2.8

Action                   |  1- 3 |  4- 6 |  7- 9 || total
-------------------------+-------+-------+-------++-------
Melee: Hand axe          |    62 |    89 |     7 ||   158
       Headbutt          |     8 |    18 |     2 ||    28
 Fire: Shortbow          |       |    25 |     9 ||    34
Invok: Berserk           |       |     2 |       ||     2
 Stab: Sleeping          |     2 |     1 |       ||     3
       Distracted        |       |     1 |       ||     1
  Eat: Chunk             |       |     3 |     1 ||     4
       Ration            |       |     1 |       ||     1
Armor: Animal skin       |    16 |     5 |     1 ||    22
       Leather armour    |       |       |     1 ||     1
Dodge: Dodged            |    46 |    55 |    12 ||   113

Table legend:
 A = Non-vault XP
 B = Vault XP
 C = Vault XP percentage of total XP
 D = Non-vault monster count
 E = Vault monster count
 F = Vault count percentage of total count
                 A         B        C        D         E       F
            +---------+---------+-------+---------+---------+-------
      Total |     600 |     220 |  26.8 |      82 |       4 |   4.7
            +---------+---------+-------+---------+---------+-------
        D:1 |      51 |       4 |   7.3 |      27 |       2 |   6.9
        D:2 |      64 |       2 |   3.0 |      14 |       1 |   6.7
        D:3 |     162 |       0 |   0.0 |      20 |       0 |   0.0
        D:4 |     149 |       0 |   0.0 |      12 |       0 |   0.0
        D:5 |     174 |     214 |  55.2 |       9 |       1 |  10.0
            +---------+---------+-------+---------+---------+-------
